 Dungeon Crawl Stone Soup version 0.32-a0-699-g1ee5eff69a (webtiles) character file.

Game seed: 8904300324377057679

506 arcshroob the Changeling (level 6, -2/51 HPs)
             Began as a Draconian Shapeshifter on Mar 13, 2024.
             Slain by a killer bee (6 damage)
             ... on level 5 of the Dungeon.
             The game lasted 00:09:21 (3466 turns).

arcshroob the Changeling (Draconian Shapeshifter)   Turns: 3466, Time: 00:09:21

Health: -2/51      AC:  6    Str: 22    XL:     6   Next: 97%
Magic:  6/6        EV: 12    Int: 10    God:
Gold:   196        SH:  0    Dex: 13    Spells: 5/5 levels left

rFire   . . .        i - +3 quarterstaff (chaos)
rCold   . . .        (shield currently unavailable)
rNeg    . . .        (body armour unavailable)
rPois   .            (helmet currently unavailable)
rElec   .            (cloak currently unavailable)
rCorr   .            (gloves currently unavailable)
SInv    .            (boots currently unavailable)
Will    .....        (no amulet)
Stlth   +            s - +6 ring of strength
HPRegen 0.28/turn    (no ring)
MPRegen 0.10/turn

%: no passive effects
@: beast-form
A: beast (slay +3), AC +6, unfitting armour, cold-blooded
a: Begin Untransformation


You were on level 5 of the Dungeon.
You were a hulking beast.
You visited 2 branches of the dungeon, and saw 6 of its levels.

You collected 196 gold pieces.

Inventory:

Hand Weapons
 i - a +3 quarterstaff of chaos (weapon)
Missiles
 d - 9 poisoned darts (quivered)
Jewellery
 s - a +6 ring of strength (left hand)
 u - a ring of wizardry
Talismans
 b - a beast talisman (active)
 c - a flux talisman
 f - a dragon-blood talisman
Scrolls
 e - 2 scrolls of vulnerability
 g - a scroll of teleportation
 j - a scroll of noise
 k - a scroll of amnesia
 n - a scroll of silence {unknown}
 r - 2 scrolls of revelation {unknown}
 t - a scroll of torment
 v - 3 scrolls of identify
Potions
 h - a potion of cancellation {unknown}
 l - a potion of might
 m - a potion of attraction {unknown}
 o - a potion of haste
 p - a potion of ambrosia


   Skills:
 - Level 3.0 Fighting
 - Level 3.2 Dodging
 - Level 3.0 Unarmed Combat
 + Level 6.3 Shapeshifting


You had 5 spell levels left.
You didn't know any spells.
Your spell library contained the following spells:

 Spells                   Type           Power      Damage    Failure   Level
 Magic Dart               Conj           0%         1d3       36%         1
 Mercury Vapours          Alch/Air       0%         N/A       50%         2
 Searing Ray              Conj           0%         2d4       50%         2
 Hailstorm                Conj/Ice       0%         3d5       75%         3
 Mephitic Cloud           Conj/Alch/Air  0%         N/A       75%         3
 Summon Ice Beast         Ice/Summ       0%         N/A       75%         3
 Fulminant Prism          Conj/Alch      0%         3d5       98%         4
 Freezing Cloud           Conj/Ice/Air   0%         6-21      100%        5
 Permafrost Eruption      Ice/Erth       0%         2x4d2     100%        6
 Sculpt Simulacrum        Ice/Alch       0%         N/A       100%        6


Dungeon Overview and Level Annotations

Branches:
Dungeon (5/15)             Temple (1/1) D:5

Altars:
Cheibriados
Dithmenos
Gozag
Kikubaaqudgha
Makhleb
Nemelex Xobeh
Okawaru
Ru
Trog
Uskayaw
Wu Jian
Xom

Annotations:
D:3 3 runed translucent doors, osoart's ghost, amateur CoSh


Innate Abilities, Weirdness & Mutations

You are a hulking beast.
Your limbs bulge with bestial killing power. (Slay +3)
Your plain brown scales are hard. (AC +6)
You cannot fit into any form of body armour.
You are cold-blooded and may be slowed by cold attacks.


Message History

The killer bee is severely wounded.
The killer bee barely misses you. The killer bee stings you.
* * * LOW HITPOINT WARNING * * *
You are poisoned.
The killer bee poisons you!
The killer bee stings you but does no damage. x3
The killer bee stings you.
* * * LOW HITPOINT WARNING * * *
You closely miss the killer bee.
The killer bee is severely wounded.
You feel very sick.
The killer bee stings you but does no damage. x4
The killer bee stings you.
* * * LOW HITPOINT WARNING * * *
The killer bee stings you but does no damage. x2
The killer bee stings you.
* * * LOW HITPOINT WARNING * * *
The killer bee stings you but does no damage.
You feel better.
The killer bee stings you but does no damage.
The killer bee barely misses you.
The killer bee stings you but does no damage. x2
The killer bee barely misses you. The killer bee stings you.
* * * LOW HITPOINT WARNING * * *
You miss the killer bee.
The killer bee is severely wounded.
The killer bee stings you but does no damage. x6
You closely miss the killer bee.
The killer bee is severely wounded.
The killer bee stings you but does no damage. x7
The killer bee stings you.
* * * LOW HITPOINT WARNING * * *
The killer bee stings you.
* * * LOW HITPOINT WARNING * * *
You hit the killer bee. You burn the killer bee.
You kill the killer bee!
You feel less wooden.
You turn into a hulking beast.
The killer bee barely misses you. The killer bee stings you.
You die...

.....#.# #>....#####.##
....##.#........ ##........P.P#
..#.##.......... #...†......##
..>....#........ #...........##
.......#............###.##..###
...<............#### #...#.#
.......# ......y## ###.....
.......# .....yyy# ###....
....#### ####h# #####. ....#
###...[# ....# ##......# ....#
##......## ....# ###....####
###.###....### #.......##
#......## ##...###


You could see 4 killer bees.

Vanquished Creatures
  A black bear (D:4)
  2 killer bees (D:5)
  2 howler monkeys (D:4)
  A hound (D:4)
  Crazy Yiuf (D:4)
  4 iguanas
  An orc wizard (D:4)
  2 adders
  A ribbon worm (D:3)
  4 dart slugs
  6 orcs
  5 bats
  6 endoplasms
  5 giant cockroaches
  5 goblins
  6 hobgoblins
  6 quokkas
  8 ball pythons
  5 frilled lizards
  3 kobolds (D:3)
  5 rats
79 creatures vanquished.

Notes
Turn   | Place    | Note
-------+----------+-------------------------------------------
     0 | D:1      | arcshroob the Draconian Shapeshifter began the quest for
                  | the Orb.
     0 | D:1      | Reached XP level 1. HP: 16/16 MP: 1/1
   106 | D:1      | Found a faded altar of an unknown god.
   324 | D:1      | Reached XP level 2. HP: 25/25 MP: 2/2
   904 | D:2      | Reached XP level 3. HP: 29/31 MP: 3/3
  1623 | D:3      | Reached XP level 4. HP: 11/38 MP: 4/4
  2064 | D:3      | Found a snail-covered altar of Cheibriados.
  2260 | D:3      | Found a runed translucent gate.
  2260 | D:3      | Found a runed translucent gate.
  2260 | D:3      | Found a runed translucent gate.
  2263 | D:3      | Noticed a kobold brigand
  2264 | D:3      | Noticed osoart's ghost (amateur CoSh)
  2302 | D:4      | Reached skill level 4 in Shapeshifting
  2302 | D:4      | Reached XP level 5. HP: 40/45 MP: 5/5
  2505 | D:4      | Found a hide-covered altar of Uskayaw.
  2507 | D:4      | Noticed a +0 dagger
  2507 | D:4      | Noticed a +0 dagger
  2536 | D:4      | Noticed a black bear
  2664 | D:4      | Reached skill level 5 in Shapeshifting
  2791 | D:4      | Found a runed translucent door.
  2792 | D:4      | Noticed Crazy Yiuf
  2803 | D:4      | Killed Crazy Yiuf
  2804 | D:4      | Reached XP level 6. HP: 29/51 MP: 6/6
  3022 | D:4      | Found a sparkling altar of Nemelex Xobeh.
  3095 | D:4      | Found an opulent altar of Gozag.
  3123 | D:5      | Entered Level 5 of the Dungeon
  3133 | D:5      | Found a staircase to the Ecumenical Temple.
  3139 | Temple   | Entered the Ecumenical Temple
  3287 | D:5      | Reached skill level 6 in Shapeshifting
  3466 | D:5      | Slain by a killer bee

Illustrated notes

Levels and vault maps discovered:
D:1:      amcnicky_arrival_choice, layout_basic,
          shapermc_ecumenical_altar_mp_ritualfount, grunt_decor_one_mirror,
          nicolae_twisty_statue_hallways
D:2:      layout_loops_corners
D:3:      layout_basic, chei_slow_surprise, gammafunk_ghost_nasty_kobolds
D:4:      layout_basic, nemelex_spade_bored_becter, kennysheep_mini_moat,
          dancing_weapons_uskayaw, uniq_crazy_yiuf_cottage
D:5:      minmay_general_purpose_star, layout_rooms,
          mainiacjoe_overflow_six_doors_small, nicolae_yredelemnul_ghost_church,
          minmay_temple_entry_gardened_gates, serial_curves, eino_curves_02,
          eino_curves_04
Temple:   nicolae_temple_two_arcs

Skill      XL: |  1  2  3  4  5  6 |
---------------+-------------------+-----
Fighting       | 2 3 |  3.0
Dodging        | 2 3 |  3.2
Shapeshifting  | 4 5 6 |  6.3
Unarmed Combat | |  3.0

Action                     |  1- 3 |  4- 6 || total
---------------------------+-------+-------++-------
  Melee: Unarmed           |    97 |   108 ||   205
         Tailslap          |    11 |    24 ||    35
         Punch             |     5 |     2 ||     7
         Quarterstaff      |       |    36 ||    36
    Use: Scroll            |     6 |     4 ||    10
         Potion            |       |     5 ||     5
   Stab: Sleeping          |     5 |     1 ||     6
         Paralysed         |       |     1 ||     1
 Armour: Skin              |    51 |   215 ||   266
  Dodge: Dodged            |    54 |   108 ||   162

Table legend: (Time is in decaauts)
 A = Elapsed time spent in this place.
 B = Non-inter-level travel time spent in this place.
 C = Inter-level travel time spent in this place.
 D = Time resting spent in this place.
 E = Time spent auto-exploring this place.
 F = Levels seen in this place.
 G = Mean time per level.
                   A        B        C        D        E       F      G
               +--------+--------+--------+--------+--------+-----+--------+
         Total |   3450 |   3405 |     45 |      0 |   2453 |   6 |  575.0 |
       Dungeon |   3402 |   3357 |     45 |      0 |   2453 |   5 |  680.4 |
        Temple |     47 |     47 |      0 |      0 |      0 |   1 |   47.0 |
               +--------+--------+--------+--------+--------+-----+--------+

Top non-repeatable levels by time:
     D:2: 870 daAuts
     D:4: 808 daAuts
     D:3: 731 daAuts
     D:1: 685 daAuts
     D:5: 305 daAuts
  Temple: 47 daAuts
